 Dungeon Crawl Stone Soup version 0.19.0-24-gb05acd6 (webtiles) character file.

1036 KarmaPolice the Magician (level 8, -7/60 HPs)
             Began as a Vampire Skald on Nov 22, 2016.
             Was a Follower of Kikubaaqudgha.
             Killed by divine providence
             ... invoked by an orc priest
              (17 damage)
             ... on level 5 of the Dungeon.
             The game lasted 00:38:40 (9583 turns).

KarmaPolice the Magician (Vampire Skald)            Turns: 9583, Time: 00:38:42

Health: -7/60      AC:  7    Str: 19 (21) XL:     8   Next: 3%
Magic:  15/15      EV: 11    Int: 12 (14) God:    Kikubaaqudgha [*.....]
Gold:   218        SH:  0    Dex: 12 (15) Spells: 4 memorised, 8 levels left

rFire  + . .     SeeInvis +     s - +0 dagger (venom)
rCold  + . .     Gourm    .     m - +2 ring mail of the Equator {+Inv Str+4}
rNeg   + . .     Faith    .     (no shield)
rPois  +         Spirit   .     (no helmet)
rElec  +         Reflect  .     (no cloak)
rCorr  +         Harm     .     (no gloves)
MR     .....                    (no boots)
Stlth  +.........               (no amulet)
                                (no ring)
                                (no ring)

@: mighty, resistant
A: fangs 3, see invisible, unbreathing
a: Bat Form, Receive Corpses, Renounce Religion, Evoke Invisibility


You were on level 5 of the Dungeon.
You worshipped Kikubaaqudgha.
Kikubaaqudgha was aware of your devotion.
You were not thirsty.

You visited 2 branches of the dungeon, and saw 8 of its levels.

You collected 323 gold pieces.
You spent 105 gold pieces at shops.

Inventory:

Hand Weapons
 a - a +0 falchion
 q - a +0 blowgun
 s - a +0 dagger of venom (weapon)
Missiles
 r - 18 poisoned needles
Armour
 b - a +0 leather armour
 m - the +2 ring mail of the Equator (worn) {+Inv Str+4}
   (You found it on level 5 of the Dungeon)

   It affects your strength (+4).
   It lets you turn invisible.
 o - a +3 ring mail of cold resistance
Magical Staves
 C - an uncursed staff of summoning {unknown}
Jewellery
 u - an uncursed ring of ice
Wands
 B - a wand of iceblast (7/15)
Scrolls
 e - 2 scrolls of magic mapping
 h - 2 scrolls of enchant armour
 i - 5 scrolls of remove curse
 j - 2 scrolls of noise {unknown}
 p - 2 scrolls of random uselessness
 t - a scroll of fear {unknown}
 v - a scroll of immolation {unknown}
 y - a scroll of teleportation {unknown}
 z - a scroll of identify
Potions
 d - 7 potions of blood
 g - a potion of degeneration
 k - a potion of agility {unknown}
 l - a potion of curing {unknown}
 w - a potion of brilliance {unknown}
 x - a potion of cancellation {unknown}
 A - a potion of magic {unknown}
Books
 c - a book of Battle

   Spells                             Type                      Level
   a - Infusion                       Charms                       1
   b - Shroud of Golubria             Charms/Translocation         2
   c - Song of Slaying                Charms                       2
   d - Spectral Weapon                Hexes/Charms                 3
   e - Regeneration                   Charms/Necromancy            3
 n - Kikubaaqudgha's Catalogue of Unholy Secrets
   (Kikubaaqudgha gifted it to you on level 5 of the Dungeon)

   Spells                             Type                      Level
   a - Animate Skeleton               Necromancy                   1
   b - Corpse Rot                     Necromancy                   2
   c - Sublimation of Blood           Necromancy                   2
   d - Regeneration                   Charms/Necromancy            3
   e - Control Undead                 Necromancy                   4


   Skills:
 - Level 3.7 Fighting
 + Level 4.6 Long Blades
 + Level 1.1 Armour
 - Level 1.1 Dodging
 + Level 4.7 Spellcasting
 - Level 4.1 Charms
 + Level 4.4 Necromancy
 - Level 2.1 Evocations


You had 8 spell levels left.
You knew the following spells:

 Your Spells              Type           Power        Failure   Level  Hunger
a - Infusion              Chrm           ##..         10%         1    None
b - Shroud of Golubria    Chrm/Tloc      #.........   24%         2    ##.....
c - Song of Slaying       Chrm           ##......     12%         2    ##.....
d - Regeneration          Chrm/Necr      ##........   21%         3    ###....


Dungeon Overview and Level Annotations

Branches:
Dungeon (7/15)             Temple (1/1) D:5

Altars:
Dithmenos
Fedhas
Gozag
Hepliaklqana
Kikubaaqudgha
Makhleb
Nemelex Xobeh
Okawaru
Qazlal
Ru
Sif Muna
Uskayaw
Vehumet
Xom
Zin
The Shining One

Shops:
D:4 [}   D:5 ?

Annotations:
D:4 dscm's ghost, amateur OpEE
D:5 Dowan; Eustachio; Grinder; Menkaure


Innate Abilities, Weirdness & Mutations

You have razor-sharp teeth.
You have supernaturally acute eyesight. (SInv)
You can survive without breathing.


Message History

The centaur hits you.
* * * LOW HITPOINT WARNING * * *
It was a potion of degeneration.
There was something very wrong with that liquid.
You feel weakened.
You feel dopey.
You feel clumsy. The centaur closely misses you.
The orc priest hits you with a falchion.
* * * LOW HITPOINT WARNING * * *
It was a potion of might.
You feel very mighty all of a sudden.
The centaur hits you but does no damage.
The centaur hits you.
* * * LOW HITPOINT WARNING * * *
It was a potion of resistance.
You feel protected. The centaur barely misses you.
The orc priest calls down the wrath of Beogh upon you.
Beogh smites you!
You die...
Kikubaaqudgha rasps: "You have failed me!
Welcome... oblivion!"

.#....# #.#
.################.#
..#.............#.#
#.#.............#.#
#)#.............#.#
#.#......#......#.#
#.#....##.##....#.#
#.#....#.?.#..oo#(#
#.'...#o[#..#..o@(#
###...o#...#...c###
....##.##....
......#......
.............
.............
.............
#############


You could see a centaur, an orc priest, an orc wizard and an orc.

Vanquished Creatures
  An ogre (D:5)
  A scorpion (D:4)
  3 crimson imps
  6 orc priests
  A jelly (D:5)
  5 orc wizards
  A centaur skeleton (D:5)
  2 hounds (D:5)
  2 worker ants (D:4)
  Ijyb (D:2)
  An iguana (D:4)
  A worker ant zombie (D:5)
  8 adders
  A shadow imp (D:5)
  4 oozes
  An adder zombie (D:5)
  An adder skeleton (D:5)
  7 worms
  3 dart slugs
  3 leopard geckos
  25 orcs
  5 ball pythons
  7 bats
  4 giant cockroaches
  5 goblins
  11 hobgoblins
  A jackal (D:1)
  14 kobolds
  2 quokkas
  6 frilled lizards
  A jackal zombie (D:5)
  A leopard gecko skeleton (D:4)
  3 rats (D:3)
138 creatures vanquished.

Notes
Turn   | Place    | Note
-------+----------+-------------------------------------------
     0 | D:1      | KarmaPolice the Vampire Skald began the quest for the Orb.
     0 | D:1      | Reached XP level 1. HP: 16/16 MP: 3/3
    80 | D:1      | Reached XP level 2. HP: 16/22 MP: 5/5
    87 | D:1      | Learned a level 2 spell: Shroud of Golubria
    90 | D:1      | Learned a level 2 spell: Song of Slaying
   743 | D:1      | Reached XP level 3. HP: 15/27 MP: 2/6
  2052 | D:2      | Reached XP level 4. HP: 29/34 MP: 3/8
  2062 | D:2      | Learned a level 3 spell: Regeneration
  2327 | D:2      | Noticed Ijyb
  2364 | D:2      | Killed Ijyb
  2905 | D:2      | Found a sacrificial altar of Ru.
  3216 | D:2      | Reached skill level 1 in Necromancy
  3535 | D:3      | Reached XP level 5. HP: 30/39 MP: 1/9
  4084 | D:3      | Found a hide-covered altar of Uskayaw.
  4553 | D:4      | Found Ibauhof's Armour Shoppe.
  4758 | D:3      | Reached XP level 6. HP: 39/47 MP: 1/11
  4945 | D:4      | Noticed dscm's ghost (amateur OpEE)
  5913 | D:5      | Entered Level 5 of the Dungeon
  5913 | D:5      | Found a staircase to the Ecumenical Temple.
  5919 | Temple   | Entered the Ecumenical Temple
  6124 | Temple   | Became a worshipper of Kikubaaqudgha
  6407 | D:4      | Found Husiem's Gadget Shoppe.
  6895 | D:4      | Reached XP level 7. HP: 51/53 MP: 9/13
  7032 | D:5      | Reached skill level 1 in Evocations
  7180 | D:5      | Noticed Grinder
  7991 | D:5      | Found Jittum's Magic Scroll Shop.
  8009 | D:5      | Bought a scroll of magic mapping for 49 gold pieces
  8114 | D:5      | Noticed Eustachio
  8463 | D:5      | Got a distressingly furry ring mail
  8621 | D:5      | Reached * piety under Kikubaaqudgha
  8621 | D:5      | Identified Kikubaaqudgha's Catalogue of Unholy Secrets (Kikubaaqudgha gifted it to you on level 5 of the Dungeon)
  8621 | D:5      | Received a gift from Kikubaaqudgha
  9087 | D:5      | Bought a scroll of identify for 28 gold pieces
  9087 | D:5      | Bought a scroll of identify for 28 gold pieces
  9093 | D:5      | Identified the +2 ring mail of the Equator {+Inv Str+4} (You found it on level 5 of the Dungeon)
  9154 | D:5      | Reached skill level 1 in Armour
  9174 | D:5      | Noticed Menkaure
  9312 | D:5      | Reached XP level 8. HP: 28/60 MP: 4/15
  9366 | D:5      | Noticed Dowan
  9583 | D:5      | Killed from afar by an orc priest

Skill      XL: |  1  2  3  4  5  6  7 |
---------------+----------------------+-----
Fighting       | 2 3 |  3.7
Charms         | 4 |  4.1
Spellcasting   | 3 4 |  4.7
Necromancy     | 1 2 3 4 |  4.4
Long Blades    | 3 4 |  4.6
Evocations     | 2 |  2.1
Armour         | 1 |  1.1
Dodging        | |  1.1

Action                   |  1- 3 |  4- 6 |  7- 9 || total
-------------------------+-------+-------+-------++-------
Melee: Falchion          |   110 |   247 |    64 ||   421
       Bite              |    14 |    39 |    16 ||    69
       Unarmed           |       |    28 |     2 ||    30
       Dagger            |       |       |    70 ||    70
 Fire: Blowgun           |       |     6 |    18 ||    24
 Cast: Infusion          |     5 |    26 |    15 ||    46
       Shroud of Golubri |     3 |    14 |    11 ||    28
       Song of Slaying   |     1 |     3 |     1 ||     5
       Regeneration      |       |     4 |     4 ||     8
 Abil: End Transformatio |     2 |    42 |    23 ||    67
       Bat Form          |     2 |    42 |    23 ||    67
  Use: Scroll            |       |     4 |     2 ||     6
       Potion            |       |     3 |    10 ||    13
 Stab: Sleeping          |     3 |     4 |       ||     7
       Distracted        |       |     1 |       ||     1
  Eat: Corpse            |     2 |     9 |     3 ||    14
Armor: Leather armour    |    28 |    16 |       ||    44
       Ring mail         |       |    61 |    52 ||   113
Dodge: Dodged            |    69 |   166 |    95 ||   330
       Rpst.: Falchion   |    21 |    37 |    12 ||    70
